Lightnings vs Hurricanes

Created - 31 décembre 2021 at 09:18

Goals
1 2 3 T
Lightnings 2 2 2 6
Hurricanes 0 1 1 2
Shots
1 2 3 T
Lightnings 12 6 9 27
Hurricanes 7 8 12 27

GoalsPenalties
1st period
1. Lightnings , David Perron 10 (Nick Suzuki 9, Brandon Saad 8) at 10:19 (PP)
2. Lightnings , Josh Anderson 10 (Evgeny Kuznetsov 12, MacKenzie Weegar 14) at 13:59
Curtis Lazar (CAR) for Holding (Minor) at 2:14
Zach Bogosian (CAR) for Hooking (Minor) at 9:05
Brian Boyle (CAR) for Roughing (Minor) at 15:55
2nd period
3. Hurricanes , Neal Pionk 7 (Brian Boyle 5, Quinn Hughes 24) at 3:08
4. Lightnings , Artemi Panarin 13 (Evgeny Kuznetsov 13, Shea Theodore 14) at 8:17
5. Lightnings , Travis Zajac 10 (Brandon Saad 9, Matt Niskanen 14) at 15:27
No Penalty
3rd period
6. Lightnings , Brandon Saad 8 (Timo Meier 12, Victor Hedman 16) at 5:54
7. Lightnings , Evgeny Kuznetsov 8 (Victor Hedman 17) at 8:57
8. Hurricanes , Nikita Gusev 7 (Josh Bailey 15, Quinn Hughes 25) at 14:20 (PP)
MacKenzie Weegar (TAM) for Hooking (Minor) at 0:52
Victor Rask (CAR) for Roughing (Minor) at 3:24
Patrik Nemeth (TAM) for Holding Stick (Minor) at 14:00
MacKenzie Weegar (TAM) for Holding (Minor) at 17:40
Goalie Stats
Andrei Vasilevskiy (TAM), 25 saves from 27 shots - (0,926), W, 18-7-2, 60:00 minutes
Alex Stalock (CAR), 8 saves from 10 shots - (0,800), 24:33 minutes
Joonas Korpisalo (CAR), 13 saves from 17 shots - (0,765), L, 7-21-3, 35:27 minutes
3 StarsOfficial
1 - Evgeny Kuznetsov (TAM)
2 - Brandon Saad (TAM)
3 - Victor Hedman (TAM)
Referees : Tom Chmielewski and Brad Watson
Linesman : Bryan Pancich and John Grandt
Game Note
Alex Stalock enters game at 15:27 of 2nd period



Team Name Goals Shots Shots Attemp Shots Blocked PIM HIT PP PK FO%
Lightnings 62760166211 / 4 (25%)154%
Hurricanes 22770118161 / 3 (33%)146%

Lightnings
Player Name POS G A P +/- PIM HIT SHT SB MP PP MP PP SHT PK MP PK SHT FO% FOT
Artemi PanarinLW1012001019:073:3400:000100% 2
Brandon SaadLW/RW1232002015:393:3500:000100% 1
Carl HagelinLW0000001010:080:0002:2400% 0
David PerronLW/RW1010006116:473:3720:0000% 0
Evgeny KuznetsovC1232003019:073:3400:00050% 20
Jani HakanpaaD000-1040115:150:0001:5000% 0
Joe ThorntonC/LW0000000010:080:0002:24078% 9
Josh AndersonLW/RW1012032019:073:3400:0000% 1
MacKenzie WeegarD0112460420:443:3500:2000% 0
Matt NiskanenD0113021120:590:0002:4400% 0
Nick SuzukiC/RW0110003116:473:3720:000100% 1
Patrik NemethD000-1200114:580:0001:3400% 0
Ryan HartmanLW/RW000000209:380:0001:54150% 2
Shea TheodoreD0112012220:053:3620:0000% 0
Timo MeierLW/RW0112021012:040:0000:00050% 2
Travis ZajacC1012002113:580:0001:54053% 19
Victor HedmanD0223020424:213:3602:0800% 0
Vincent TrocheckC/RW0000011016:473:3710:00042% 19
Hurricanes
Player Name POS G A P +/- PIM HIT SHT SB MP PP MP PP SHT PK MP PK SHT FO% FOT
Alexis LafreniereLW000-1015018:391:3903:2600% 0
Andrew CoglianoC/LW000-2003011:440:0000:00033% 15
Andrew ShawC/LW/RW000-2000011:440:0000:0000% 0
Brian BoyleC/LW0110211117:412:3902:5100% 0
Chris WagnerC/LW/RW000-2012112:380:0000:5400% 0
Curtis LazarC/RW000-1210111:000:0000:0000% 0
Darren HelmC/LW000-1042115:131:3900:000100% 1
Josh BaileyC/LW/RW0110001018:362:3903:45047% 17
Leo KomarovC/LW/RW000-1012012:401:3900:00038% 13
Markus NutivaaraD000-2001022:501:3903:2100% 0
Moritz SeiderD000-1000113:510:0000:0000% 0
Neal PionkD101-1043123:192:3923:5000% 0
Nikita GusevLW/RW1010003018:172:3913:26050% 8
Quinn HughesD022-1001423:192:3913:5000% 0
Ryan MurrayD000-2000122:501:3903:2100% 0
Sonny MilanoLW/RW000-1001011:010:0000:0000% 1
Victor RaskC000-1201013:330:0000:00057% 21
Zach BogosianD000-1231013:500:0000:0000% 0

Lightnings

5 vs 5 Forward
Line #Left WingCenterRight WingPHYDFOFWanted %Time %Time Play
1Artemi PanarinEvgeny KuznetsovJosh Anderson0143132%15:33
2David PerronVincent TrocheckNick Suzuki1132727%13:10
3Brandon SaadTravis ZajacTimo Meier1222525%12:04
4Carl HagelinJoe ThorntonRyan Hartman1221716%7:44
5 vs 5 Defense
Line #DefenseDefensePHYDFOFWanted %Time %Time Play
1Victor HedmanMatt Niskanen0414038%18:15
2Shea TheodoreMacKenzie Weegar0323334%16:29
3Patrik NemethJani Hakanpaa0412228%13:25
4Victor HedmanMacKenzie Weegar03251%0:22
Power Play Forward
Line #Left WingCenterRight WingPHYDFOFWanted %Time %Time Play
1Artemi PanarinEvgeny KuznetsovJosh Anderson0055350%3:34
2David PerronVincent TrocheckNick Suzuki0054750%3:37
Power Play Defense
Line #DefenseDefensePHYDFOFWanted %Time %Time Play
1Victor HedmanShea Theodore0145350%3:36
2MacKenzie WeegarBrandon Saad0144750%3:35
Penalty Kill 4 Players Forward
Line #CenterWingPHYDFOFWanted %Time %Time Play
1Travis ZajacRyan Hartman0415044%1:54
2Joe ThorntonCarl Hagelin0415056%2:24
Penalty Kill 4 Players Defense
Line #DefenseDefensePHYDFOFWanted %Time %Time Play
1Matt NiskanenMacKenzie Weegar1225064%2:44
2Patrik NemethJani Hakanpaa1315036%1:34
Penalty Kill 3 Players
Line #WingPHYDFOFWanted %Time %Time PlayDefenseDefensePHYDFOFWanted %Time %Time Play
1Travis Zajac041500%0:00 Victor HedmanMacKenzie Weegar050500%0:00
2Vincent Trocheck041500%0:00 Matt NiskanenJani Hakanpaa041500%0:00
4 vs 4 Forward
Line #CenterWingPHYDFOFWanted %Time %Time Play
1Vincent TrocheckNick Suzuki032500%0:00
2Evgeny KuznetsovJosh Anderson122500%0:00
4 vs 4 Defense
Line #DefensePHYDFOFWanted %Time %Time Play
1Victor HedmanShea Theodore131500%0:00
2Matt NiskanenMacKenzie Weegar131500%0:00
Last Minutes Offensive
Left WingCenterRight WingDefenseDefense
Josh AndersonArtemi PanarinEvgeny KuznetsovVictor HedmanMatt Niskanen
Last Minutes Defensive
Left WingCenterRight WingDefenseDefense
Carl HagelinTravis ZajacRyan HartmanVictor HedmanMacKenzie Weegar
Time
Total ForwardTotal DefenseLast Minutes OffensiveLast Minutes Defensive
60:00 60:00 0:000:00
Extra Forwards
Normal PowerPlayPenalty Kill
Evgeny Kuznetsov, Artemi Panarin, Vincent TrocheckEvgeny Kuznetsov, Artemi PanarinVincent Trocheck
Extra Defensemen
Normal PowerPlayPenalty Kill
Shea Theodore, Victor Hedman, MacKenzie WeegarMatt Niskanen, Matt NiskanenVictor Hedman
Penalty Shots
Evgeny Kuznetsov, Artemi Panarin, Nick Suzuki, Timo Meier, David Perron
Goalie
Andrei Vasilevskiy, James Reimer
Custom OT Lines Forwards
Vincent Trocheck, Evgeny Kuznetsov, Artemi Panarin, Nick Suzuki, Carl Hagelin, Travis Zajac, Timo Meier, Brandon Saad, Josh Anderson, David Perron
Custom OT Lines Defensemen
Matt Niskanen, Victor Hedman, MacKenzie Weegar, Patrik Nemeth, Shea Theodore
Scratches
Mathieu Perreault (Healthy)

Hurricanes

5 vs 5 Forward
Line #Left WingCenterRight WingPHYDFOFWanted %Time %Time Play
1Brian BoyleJosh BaileyNikita Gusev2122625%12:12
2Alexis LafreniereVictor RaskDarren Helm1222628%13:34
3Chris WagnerAndrew CoglianoAndrew Shaw2212424%11:44
4Sonny MilanoLeo KomarovCurtis Lazar5002423%11:01
5 vs 5 Defense
Line #DefenseDefensePHYDFOFWanted %Time %Time Play
1Neal PionkQuinn Hughes1223025%12:13
2Ryan MurrayMarkus Nutivaara1223037%17:50
3Zach BogosianMoritz Seider1222429%13:51
4Neal PionkQuinn Hughes1221610%4:37
Power Play Forward
Line #Left WingCenterRight WingPHYDFOFWanted %Time %Time Play
1Brian BoyleJosh BaileyNikita Gusev1225062%2:39
2Alexis LafreniereLeo KomarovDarren Helm1225038%1:39
Power Play Defense
Line #DefenseDefensePHYDFOFWanted %Time %Time Play
1Neal PionkQuinn Hughes1225062%2:39
2Ryan MurrayMarkus Nutivaara1225038%1:39
Penalty Kill 4 Players Forward
Line #CenterWingPHYDFOFWanted %Time %Time Play
1Josh BaileyBrian Boyle1225052%3:45
2Nikita GusevAlexis Lafreniere1225048%3:26
Penalty Kill 4 Players Defense
Line #DefenseDefensePHYDFOFWanted %Time %Time Play
1Neal PionkQuinn Hughes1225053%3:50
2Ryan MurrayMarkus Nutivaara1225047%3:21
Penalty Kill 3 Players
Line #WingPHYDFOFWanted %Time %Time PlayDefenseDefensePHYDFOFWanted %Time %Time Play
1Josh Bailey122500%0:00 Neal PionkQuinn Hughes122500%0:00
2Brian Boyle122500%0:00 Ryan MurrayMarkus Nutivaara122500%0:00
4 vs 4 Forward
Line #CenterWingPHYDFOFWanted %Time %Time Play
1Josh BaileyBrian Boyle122500%0:00
2Nikita GusevAlexis Lafreniere122500%0:00
4 vs 4 Defense
Line #DefensePHYDFOFWanted %Time %Time Play
1Neal PionkQuinn Hughes122500%0:00
2Ryan MurrayMarkus Nutivaara122500%0:00
Last Minutes Offensive
Left WingCenterRight WingDefenseDefense
Brian BoyleJosh BaileyNikita GusevNeal PionkQuinn Hughes
Last Minutes Defensive
Left WingCenterRight WingDefenseDefense
Brian BoyleJosh BaileyNikita GusevNeal PionkQuinn Hughes
Time
Total ForwardTotal DefenseLast Minutes OffensiveLast Minutes Defensive
60:00 60:00 0:000:00
Extra Forwards
Normal PowerPlayPenalty Kill
Darren Helm, Andrew Cogliano, Chris WagnerDarren Helm, Andrew CoglianoChris Wagner
Extra Defensemen
Normal PowerPlayPenalty Kill
Zach Bogosian, Moritz Seider, Ryan MurrayZach Bogosian, Moritz SeiderRyan Murray
Penalty Shots
Josh Bailey, Brian Boyle, Nikita Gusev, Alexis Lafreniere, Leo Komarov
Goalie
Joonas Korpisalo, Alex Stalock
Custom OT Lines Forwards
Josh Bailey, Brian Boyle, Nikita Gusev, Alexis Lafreniere, Leo Komarov, Darren Helm, Andrew Cogliano, Chris Wagner, Curtis Lazar, Andrew Shaw
Custom OT Lines Defensemen
Neal Pionk, Quinn Hughes, Ryan Murray, Markus Nutivaara, Zach Bogosian
Scratches
Kyle Rau (Healthy), Danton Heinen (Healthy), Cory Schneider (Healthy)


Play-by-Play

1st period


0:01 of 1st period - Evgeny Kuznetsov wins face-off versus Josh Bailey in neutral zone.
0:18 of 1st period - Nikita Gusev is hit by Victor Hedman and loses puck.
1:05 of 1st period - Shot by David Perron.
1:05 of 1st period - Stopped by Joonas Korpisalo without a rebound.
1:06 of 1st period - Andrew Cogliano wins face-off versus Travis Zajac in Hurricanes zone.
1:25 of 1st period - Shot by Andrew Shaw.
1:25 of 1st period - Shot Misses the Net.
1:27 of 1st period - Shot by Chris Wagner.
1:27 of 1st period - Stopped by Andrei Vasilevskiy without a rebound.
1:28 of 1st period - Vincent Trocheck wins face-off versus Leo Komarov in Lightnings zone.
1:47 of 1st period - Shot by David Perron.
1:47 of 1st period - Stopped by Joonas Korpisalo without a rebound.
1:48 of 1st period - Victor Rask wins face-off versus Joe Thornton in Hurricanes zone.
1:52 of 1st period - Off-side.
1:53 of 1st period - Darren Helm wins face-off versus Joe Thornton in neutral zone.
2:05 of 1st period - Icing by Victor Hedman.
2:06 of 1st period - Joe Thornton wins face-off versus Leo Komarov in Lightnings zone.
2:14 of 1st period - Minor Penalty to Curtis Lazar for Holding.
2:15 of 1st period - Josh Bailey wins face-off versus Evgeny Kuznetsov in Hurricanes zone.
2:58 of 1st period - Shot by Shea Theodore.
2:58 of 1st period - Shot Misses the Net.
3:14 of 1st period - Shot by Nick Suzuki.
3:14 of 1st period - Shot Blocked by Ryan Murray.
3:16 of 1st period - Shot by David Perron.
3:16 of 1st period - Stopped by Joonas Korpisalo without a rebound.
3:17 of 1st period - Vincent Trocheck wins face-off versus Nikita Gusev in Hurricanes zone.
3:33 of 1st period - Icing by Vincent Trocheck.
3:34 of 1st period - Josh Bailey wins face-off versus Vincent Trocheck in Lightnings zone.
3:34 of 1st period - Josh Bailey is hit by MacKenzie Weegar.
3:38 of 1st period - Shot by Brian Boyle.
3:38 of 1st period - Shot Blocked by MacKenzie Weegar.
4:42 of 1st period - Shot by Chris Wagner.
4:42 of 1st period - Shot Misses the Net.
4:44 of 1st period - Shot by Chris Wagner.
4:44 of 1st period - Shot Misses the Net.
4:46 of 1st period - Shot by Andrew Cogliano.
4:46 of 1st period - Stopped by Andrei Vasilevskiy without a rebound.
4:47 of 1st period - Leo Komarov wins face-off versus Evgeny Kuznetsov in Lightnings zone.
4:52 of 1st period - Shot by Sonny Milano.
4:52 of 1st period - Deflect By Leo Komarov.
4:52 of 1st period - Stopped by Andrei Vasilevskiy with a rebound.
5:46 of 1st period - Shot by David Perron.
5:46 of 1st period - Stopped by Joonas Korpisalo without a rebound.
5:47 of 1st period - Travis Zajac wins face-off versus Victor Rask in Hurricanes zone.
6:02 of 1st period - Shot by Victor Rask.
6:02 of 1st period - Shot Blocked by Travis Zajac.
6:04 of 1st period - Shot by Neal Pionk.
6:04 of 1st period - Shot Blocked by MacKenzie Weegar.
6:06 of 1st period - Shot by Alexis Lafreniere.
6:06 of 1st period - Deflect By Victor Rask.
6:06 of 1st period - Shot Blocked by Shea Theodore.
6:44 of 1st period - Icing by MacKenzie Weegar.
6:45 of 1st period - Josh Bailey wins face-off versus Travis Zajac in Lightnings zone.
7:25 of 1st period - Off-side.
7:26 of 1st period - Vincent Trocheck wins face-off versus Andrew Cogliano in neutral zone.
7:40 of 1st period - Vincent Trocheck is hit by Zach Bogosian and loses puck.
7:46 of 1st period - Icing by Moritz Seider.
7:47 of 1st period - Evgeny Kuznetsov wins face-off versus Andrew Cogliano in Hurricanes zone.
7:52 of 1st period - Shot by Josh Anderson.
7:52 of 1st period - Stopped by Joonas Korpisalo without a rebound.
7:53 of 1st period - Victor Rask wins face-off versus Vincent Trocheck in Hurricanes zone.
8:08 of 1st period - Shot by Darren Helm.
8:08 of 1st period - Shot Blocked by Matt Niskanen.
8:14 of 1st period - Shot by Nick Suzuki.
8:14 of 1st period - Shot Misses the Net.
8:36 of 1st period - Shot by David Perron.
8:36 of 1st period - Stopped by Joonas Korpisalo without a rebound.
8:37 of 1st period - Evgeny Kuznetsov wins face-off versus Josh Bailey in Hurricanes zone.
8:56 of 1st period - Shot by Josh Bailey.
8:56 of 1st period - Stopped by Andrei Vasilevskiy without a rebound.
8:57 of 1st period - Ryan Hartman wins face-off versus Andrew Cogliano in Lightnings zone.
9:05 of 1st period - Minor Penalty to Zach Bogosian for Hooking.
9:06 of 1st period - Evgeny Kuznetsov wins face-off versus Nikita Gusev in Hurricanes zone.
9:25 of 1st period - Shot by Shea Theodore.
9:25 of 1st period - Shot Blocked by Brian Boyle.
9:27 of 1st period - Shot by Evgeny Kuznetsov.
9:27 of 1st period - Deflect By Artemi Panarin.
9:27 of 1st period - Shot Hit the Post.
9:29 of 1st period - Shot by Artemi Panarin.
9:29 of 1st period - Shot Blocked by Quinn Hughes.
9:41 of 1st period - Shot by Evgeny Kuznetsov.
9:41 of 1st period - Shot Misses the Net.
9:43 of 1st period - Shot by Victor Hedman.
9:43 of 1st period - Shot Misses the Net.
9:45 of 1st period - Shot by Victor Hedman.
9:45 of 1st period - Shot Misses the Net.
9:47 of 1st period - Shot by Josh Anderson.
9:47 of 1st period - Shot Misses the Net.
9:49 of 1st period - Shot by Victor Hedman.
9:49 of 1st period - Shot Blocked by Quinn Hughes.
10:07 of 1st period - Shot by Vincent Trocheck.
10:07 of 1st period - Stopped by Joonas Korpisalo without a rebound.
10:08 of 1st period - Nikita Gusev wins face-off versus Vincent Trocheck in Hurricanes zone.
10:19 of 1st period - Shot by Nick Suzuki.
10:19 of 1st period - Deflect By David Perron.
10:19 of 1st period - Goal by David Perron - Lightnings : 1 - Hurricanes : 0.
10:20 of 1st period - Joe Thornton wins face-off versus Leo Komarov in neutral zone.
10:44 of 1st period - Sonny Milano is hit by Jani Hakanpaa and loses puck.
11:07 of 1st period - Moritz Seider is hit by Jani Hakanpaa and loses puck.
13:20 of 1st period - Icing by Shea Theodore.
13:21 of 1st period - Evgeny Kuznetsov wins face-off versus Victor Rask in Lightnings zone.
13:21 of 1st period - Artemi Panarin is hit by Darren Helm and loses puck.
13:30 of 1st period - Icing by Moritz Seider.
13:31 of 1st period - Brandon Saad wins face-off versus Victor Rask in Hurricanes zone.
13:34 of 1st period - Shot by Timo Meier.
13:34 of 1st period - Stopped by Joonas Korpisalo without a rebound.
13:35 of 1st period - Evgeny Kuznetsov wins face-off versus Victor Rask in Hurricanes zone.
13:35 of 1st period - Evgeny Kuznetsov is hit by Neal Pionk.
13:51 of 1st period - Shot by Josh Anderson.
13:51 of 1st period - Shot Misses the Net.
13:53 of 1st period - Shot by Shea Theodore.
13:53 of 1st period - Shot Misses the Net.
13:57 of 1st period - Shot by Evgeny Kuznetsov.
13:57 of 1st period - Shot Blocked by Quinn Hughes.
13:59 of 1st period - Shot by Josh Anderson.
13:59 of 1st period - Goal by Josh Anderson - Lightnings : 2 - Hurricanes : 0.
14:00 of 1st period - Travis Zajac wins face-off versus Leo Komarov in neutral zone.
14:21 of 1st period - Shot by Brandon Saad.
14:21 of 1st period - Shot Misses the Net.
14:23 of 1st period - Shot by Travis Zajac.
14:23 of 1st period - Shot Blocked by Moritz Seider.
14:53 of 1st period - Shot by Nikita Gusev.
14:53 of 1st period - Stopped by Andrei Vasilevskiy without a rebound.
14:54 of 1st period - Andrew Cogliano wins face-off versus Josh Anderson in Lightnings zone.
15:08 of 1st period - Shot by Andrew Cogliano.
15:08 of 1st period - Stopped by Andrei Vasilevskiy without a rebound.
15:09 of 1st period - Victor Rask wins face-off versus Vincent Trocheck in Lightnings zone.
15:49 of 1st period - Shot by Alexis Lafreniere.
15:49 of 1st period - Stopped by Andrei Vasilevskiy without a rebound.
15:50 of 1st period - Nikita Gusev wins face-off versus Evgeny Kuznetsov in Lightnings zone.
15:55 of 1st period - Minor Penalty to Brian Boyle for Roughing.
15:56 of 1st period - Evgeny Kuznetsov wins face-off versus Nikita Gusev in Hurricanes zone.
16:21 of 1st period - Neal Pionk is hit by Josh Anderson and loses puck.
16:29 of 1st period - Shot by MacKenzie Weegar.
16:29 of 1st period - Shot Misses the Net.
16:33 of 1st period - Shot by Brandon Saad.
16:33 of 1st period - Shot Misses the Net.
16:35 of 1st period - Shot by MacKenzie Weegar.
16:35 of 1st period - Shot Blocked by Chris Wagner.
17:16 of 1st period - Shot by Shea Theodore.
17:16 of 1st period - Stopped by Joonas Korpisalo without a rebound.
17:17 of 1st period - Evgeny Kuznetsov wins face-off versus Josh Bailey in Hurricanes zone.
17:32 of 1st period - Shot by Shea Theodore.
17:32 of 1st period - Stopped by Joonas Korpisalo without a rebound.
17:33 of 1st period - Nikita Gusev wins face-off versus Vincent Trocheck in Hurricanes zone.
18:09 of 1st period - Carl Hagelin is hit by Zach Bogosian and loses puck.
18:17 of 1st period - Icing by Curtis Lazar.
18:18 of 1st period - Artemi Panarin wins face-off versus Leo Komarov in Hurricanes zone.
18:21 of 1st period - Shot by Artemi Panarin.
18:21 of 1st period - Shot Misses the Net.
18:33 of 1st period - Shot by Curtis Lazar.
18:33 of 1st period - Shot Misses the Net.
Goals for this period are 2 for Lightnings vs 0 for Hurricanes.
Shots for this period are 12 for Lightnings vs 7 for Hurricanes.

2nd period


0:01 of 2nd period - Travis Zajac wins face-off versus Andrew Cogliano in neutral zone.
0:37 of 2nd period - Shot by Chris Wagner.
0:37 of 2nd period - Deflect By Andrew Shaw.
0:37 of 2nd period - Shot Misses the Net.
0:39 of 2nd period - Shot by Chris Wagner.
0:39 of 2nd period - Stopped by Andrei Vasilevskiy without a rebound.
0:40 of 2nd period - Vincent Trocheck wins face-off versus Victor Rask in Lightnings zone.
0:40 of 2nd period - Vincent Trocheck is hit by Darren Helm.
0:47 of 2nd period - Matt Niskanen is hit by Darren Helm and loses puck.
0:51 of 2nd period - Matt Niskanen is hit by Neal Pionk and loses puck.
1:16 of 2nd period - Shot by Vincent Trocheck.
1:16 of 2nd period - Shot Misses the Net.
1:45 of 2nd period - Icing by Matt Niskanen.
1:46 of 2nd period - Vincent Trocheck wins face-off versus Andrew Cogliano in Lightnings zone.
2:17 of 2nd period - Shot by Travis Zajac.
2:17 of 2nd period - Shot Misses the Net.
2:20 of 2nd period - Icing by Markus Nutivaara.
2:21 of 2nd period - Andrew Cogliano wins face-off versus Evgeny Kuznetsov in Hurricanes zone.
3:06 of 2nd period - Shot by Brian Boyle.
3:06 of 2nd period - Shot Blocked by Patrik Nemeth.
3:08 of 2nd period - Shot by Neal Pionk.
3:08 of 2nd period - Goal by Neal Pionk - Lightnings : 2 - Hurricanes : 1.
3:09 of 2nd period - Victor Rask wins face-off versus Timo Meier in neutral zone.
3:36 of 2nd period - Travis Zajac is hit by Alexis Lafreniere and loses puck.
3:47 of 2nd period - Shot by Alexis Lafreniere.
3:47 of 2nd period - Stopped by Andrei Vasilevskiy without a rebound.
3:48 of 2nd period - Leo Komarov wins face-off versus Vincent Trocheck in Lightnings zone.
3:55 of 2nd period - Shot by Matt Niskanen.
3:55 of 2nd period - Shot Blocked by Quinn Hughes.
4:21 of 2nd period - Shot by Curtis Lazar.
4:21 of 2nd period - Shot Blocked by Victor Hedman.
4:23 of 2nd period - Shot by Leo Komarov.
4:23 of 2nd period - Stopped by Andrei Vasilevskiy with a rebound.
4:25 of 2nd period - Shot by Leo Komarov.
4:25 of 2nd period - Shot Blocked by Victor Hedman.
4:27 of 2nd period - Shot by Curtis Lazar.
4:27 of 2nd period - Shot Misses the Net.
4:29 of 2nd period - Shot by Curtis Lazar.
4:29 of 2nd period - Shot Misses the Net.
4:31 of 2nd period - Shot by Leo Komarov.
4:31 of 2nd period - Shot Blocked by David Perron.
5:01 of 2nd period - Shot by Josh Bailey.
5:01 of 2nd period - Shot Misses the Net.
5:18 of 2nd period - Josh Bailey is hit by MacKenzie Weegar and loses puck.
6:06 of 2nd period - Icing by Patrik Nemeth.
6:07 of 2nd period - Andrew Cogliano wins face-off versus Travis Zajac in Lightnings zone.
8:11 of 2nd period - Shot by Evgeny Kuznetsov.
8:11 of 2nd period - Shot Blocked by Curtis Lazar.
8:17 of 2nd period - Shot by Evgeny Kuznetsov.
8:17 of 2nd period - Deflect By Artemi Panarin.
8:17 of 2nd period - Goal by Artemi Panarin - Lightnings : 3 - Hurricanes : 1.
8:18 of 2nd period - Vincent Trocheck wins face-off versus Josh Bailey in neutral zone.
8:58 of 2nd period - Brian Boyle is hit by Jani Hakanpaa.
10:35 of 2nd period - Ryan Murray is hit by Timo Meier and loses puck.
12:15 of 2nd period - Vincent Trocheck is hit by Brian Boyle and loses puck.
13:25 of 2nd period - Shot by Alexis Lafreniere.
13:25 of 2nd period - Shot Misses the Net.
13:27 of 2nd period - Shot by Victor Rask.
13:27 of 2nd period - Shot Misses the Net.
13:29 of 2nd period - Shot by Markus Nutivaara.
13:29 of 2nd period - Stopped by Andrei Vasilevskiy without a rebound.
13:30 of 2nd period - Travis Zajac wins face-off versus Leo Komarov in Lightnings zone.
13:47 of 2nd period - Shot by Travis Zajac.
13:47 of 2nd period - Stopped by Joonas Korpisalo without a rebound.
13:48 of 2nd period - Victor Rask wins face-off versus Vincent Trocheck in Hurricanes zone.
13:48 of 2nd period - Victor Rask is hit by Vincent Trocheck.
14:14 of 2nd period - MacKenzie Weegar is hit by Darren Helm and loses puck.
14:49 of 2nd period - Icing by Evgeny Kuznetsov.
14:50 of 2nd period - Evgeny Kuznetsov wins face-off versus Sonny Milano in Lightnings zone.
15:05 of 2nd period - Shot by Artemi Panarin.
15:05 of 2nd period - Deflect By Evgeny Kuznetsov.
15:05 of 2nd period - Stopped by Joonas Korpisalo without a rebound.
15:06 of 2nd period - Timo Meier wins face-off versus Andrew Cogliano in Hurricanes zone.
15:06 of 2nd period - Victor Hedman is hit by Zach Bogosian and loses puck.
15:25 of 2nd period - Shot by Brandon Saad.
15:25 of 2nd period - Stopped by Joonas Korpisalo with a rebound.
15:27 of 2nd period - Shot by Travis Zajac.
15:27 of 2nd period - Goal by Travis Zajac - Lightnings : 4 - Hurricanes : 1.
15:27 of 2nd period - Alex Stalock enters game.
15:28 of 2nd period - Evgeny Kuznetsov wins face-off versus Josh Bailey in neutral zone.
15:48 of 2nd period - Josh Anderson is hit by Neal Pionk and loses puck.
18:12 of 2nd period - Shot by Ryan Hartman.
18:12 of 2nd period - Shot Misses the Net.
18:33 of 2nd period - Icing by Jani Hakanpaa.
18:34 of 2nd period - Vincent Trocheck wins face-off versus Andrew Cogliano in Lightnings zone.
18:53 of 2nd period - Shot by Nick Suzuki.
18:53 of 2nd period - Stopped by Alex Stalock without a rebound.
18:54 of 2nd period - Josh Bailey wins face-off versus Evgeny Kuznetsov in Hurricanes zone.
19:25 of 2nd period - Shot by Nikita Gusev.
19:25 of 2nd period - Stopped by Andrei Vasilevskiy with a rebound.
19:29 of 2nd period - Shot by Nikita Gusev.
19:29 of 2nd period - Shot Blocked by Shea Theodore.
19:49 of 2nd period - Shot by Andrew Cogliano.
19:49 of 2nd period - Stopped by Andrei Vasilevskiy with a rebound.
19:51 of 2nd period - Shot by Andrew Shaw.
19:51 of 2nd period - Shot Misses the Net.
19:53 of 2nd period - Shot by Zach Bogosian.
19:53 of 2nd period - Shot Misses the Net.
19:55 of 2nd period - Shot by Zach Bogosian.
19:55 of 2nd period - Stopped by Andrei Vasilevskiy without a rebound.
19:56 of 2nd period - Victor Rask wins face-off versus Travis Zajac in Lightnings zone.
19:56 of 2nd period - Neal Pionk is hit by Victor Hedman and loses puck.
Goals for this period are 2 for Lightnings vs 1 for Hurricanes.
Shots for this period are 6 for Lightnings vs 8 for Hurricanes.

3rd period


0:01 of 3rd period - Travis Zajac wins face-off versus Victor Rask in neutral zone.
0:16 of 3rd period - Icing by Matt Niskanen.
0:17 of 3rd period - Travis Zajac wins face-off versus Andrew Cogliano in Lightnings zone.
0:23 of 3rd period - Icing by Ryan Murray.
0:24 of 3rd period - Andrew Cogliano wins face-off versus Vincent Trocheck in Hurricanes zone.
0:37 of 3rd period - Andrew Cogliano is hit by MacKenzie Weegar and loses puck.
0:47 of 3rd period - Shot by Andrew Shaw.
0:47 of 3rd period - Shot Blocked by Nick Suzuki.
0:49 of 3rd period - Shot by Andrew Cogliano.
0:49 of 3rd period - Shot Misses the Net.
0:52 of 3rd period - Minor Penalty to MacKenzie Weegar for Hooking.
0:53 of 3rd period - Nikita Gusev wins face-off versus Travis Zajac in Lightnings zone.
0:54 of 3rd period - Shot by Josh Bailey.
0:54 of 3rd period - Shot Blocked by Jani Hakanpaa.
1:07 of 3rd period - Off-side.
1:08 of 3rd period - Joe Thornton wins face-off versus Leo Komarov in neutral zone.
2:10 of 3rd period - Shot by Neal Pionk.
2:10 of 3rd period - Shot Misses the Net.
2:24 of 3rd period - Shot by Quinn Hughes.
2:24 of 3rd period - Shot Misses the Net.
2:34 of 3rd period - Shot by Neal Pionk.
2:34 of 3rd period - Stopped by Andrei Vasilevskiy with a rebound.
3:12 of 3rd period - Icing by MacKenzie Weegar.
3:13 of 3rd period - Leo Komarov wins face-off versus Evgeny Kuznetsov in Lightnings zone.
3:17 of 3rd period - Icing by MacKenzie Weegar.
3:18 of 3rd period - Victor Rask wins face-off versus Evgeny Kuznetsov in Lightnings zone.
3:24 of 3rd period - Minor Penalty to Victor Rask for Roughing.
3:25 of 3rd period - Nick Suzuki wins face-off versus Nikita Gusev in Hurricanes zone.
3:40 of 3rd period - Shot by Nick Suzuki.
3:40 of 3rd period - Stopped by Alex Stalock with a rebound.
3:42 of 3rd period - Shot by Victor Hedman.
3:42 of 3rd period - Shot Misses the Net.
3:44 of 3rd period - Shot by Shea Theodore.
3:44 of 3rd period - Shot Misses the Net.
4:09 of 3rd period - Shot by Nick Suzuki.
4:09 of 3rd period - Stopped by Alex Stalock with a rebound.
4:37 of 3rd period - Josh Bailey is hit by Josh Anderson and loses puck.
5:48 of 3rd period - Shot by Carl Hagelin.
5:48 of 3rd period - Stopped by Alex Stalock without a rebound.
5:49 of 3rd period - Travis Zajac wins face-off versus Andrew Cogliano in Hurricanes zone.
5:52 of 3rd period - Shot by Timo Meier.
5:52 of 3rd period - Shot Misses the Net.
5:54 of 3rd period - Shot by Brandon Saad.
5:54 of 3rd period - Goal by Brandon Saad - Lightnings : 5 - Hurricanes : 1.
5:55 of 3rd period - Joe Thornton wins face-off versus Andrew Cogliano in neutral zone.
6:18 of 3rd period - Shot by Carl Hagelin.
6:18 of 3rd period - Deflect By Ryan Hartman.
6:18 of 3rd period - Stopped by Alex Stalock with a rebound.
6:20 of 3rd period - Shot by Carl Hagelin.
6:20 of 3rd period - Shot Misses the Net.
6:29 of 3rd period - Zach Bogosian is hit by Jani Hakanpaa and loses puck.
6:50 of 3rd period - Off-side.
6:51 of 3rd period - Travis Zajac wins face-off versus Victor Rask in neutral zone.
6:53 of 3rd period - Victor Hedman is hit by Neal Pionk and loses puck.
7:02 of 3rd period - Shot by Alexis Lafreniere.
7:02 of 3rd period - Stopped by Andrei Vasilevskiy without a rebound.
7:03 of 3rd period - Leo Komarov wins face-off versus Vincent Trocheck in Lightnings zone.
7:03 of 3rd period - Ryan Murray is hit by MacKenzie Weegar and loses puck.
7:41 of 3rd period - Off-side.
7:42 of 3rd period - Victor Rask wins face-off versus Travis Zajac in neutral zone.
7:47 of 3rd period - Shot by Alexis Lafreniere.
7:47 of 3rd period - Deflect By Victor Rask.
7:47 of 3rd period - Stopped by Andrei Vasilevskiy without a rebound.
7:48 of 3rd period - Victor Rask wins face-off versus Travis Zajac in Lightnings zone.
8:07 of 3rd period - Shot by Brandon Saad.
8:07 of 3rd period - Shot Blocked by Neal Pionk.
8:09 of 3rd period - Shot by Matt Niskanen.
8:09 of 3rd period - Stopped by Alex Stalock without a rebound.
8:10 of 3rd period - Josh Bailey wins face-off versus Evgeny Kuznetsov in Hurricanes zone.
8:10 of 3rd period - Josh Bailey is hit by Josh Anderson.
8:13 of 3rd period - Icing by Markus Nutivaara.
8:14 of 3rd period - Josh Bailey wins face-off versus Evgeny Kuznetsov in Hurricanes zone.
8:29 of 3rd period - Shot by Brian Boyle.
8:29 of 3rd period - Shot Misses the Net.
8:31 of 3rd period - Shot by Brian Boyle.
8:31 of 3rd period - Shot Misses the Net.
8:33 of 3rd period - Shot by Ryan Murray.
8:33 of 3rd period - Shot Blocked by Victor Hedman.
8:57 of 3rd period - Shot by Evgeny Kuznetsov.
8:57 of 3rd period - Goal by Evgeny Kuznetsov - Lightnings : 6 - Hurricanes : 1.
8:58 of 3rd period - Victor Rask wins face-off versus Travis Zajac in neutral zone.
9:03 of 3rd period - Shot by Darren Helm.
9:03 of 3rd period - Stopped by Andrei Vasilevskiy without a rebound.
9:04 of 3rd period - Vincent Trocheck wins face-off versus Victor Rask in Lightnings zone.
9:39 of 3rd period - Shot by Alexis Lafreniere.
9:39 of 3rd period - Stopped by Andrei Vasilevskiy without a rebound.
9:40 of 3rd period - Travis Zajac wins face-off versus Leo Komarov in Lightnings zone.
9:40 of 3rd period - Travis Zajac is hit by Curtis Lazar.
9:45 of 3rd period - Brandon Saad is hit by Leo Komarov and loses puck.
10:47 of 3rd period - Shot by Josh Anderson.
10:47 of 3rd period - Shot Misses the Net.
10:49 of 3rd period - Shot by Evgeny Kuznetsov.
10:49 of 3rd period - Stopped by Alex Stalock without a rebound.
10:50 of 3rd period - Victor Rask wins face-off versus Vincent Trocheck in Hurricanes zone.
11:21 of 3rd period - Shot by Darren Helm.
11:21 of 3rd period - Shot Blocked by MacKenzie Weegar.
11:23 of 3rd period - Shot by Darren Helm.
11:23 of 3rd period - Stopped by Andrei Vasilevskiy without a rebound.
11:24 of 3rd period - Artemi Panarin wins face-off versus Josh Bailey in Lightnings zone.
12:43 of 3rd period - Shot by Chris Wagner.
12:43 of 3rd period - Shot Blocked by MacKenzie Weegar.
12:58 of 3rd period - Markus Nutivaara is hit by Shea Theodore and loses puck.
13:19 of 3rd period - Shot by David Perron.
13:19 of 3rd period - Shot Misses the Net.
13:27 of 3rd period - Patrik Nemeth is hit by Chris Wagner and loses puck.
13:38 of 3rd period - Shot by Nick Suzuki.
13:38 of 3rd period - Shot Blocked by Darren Helm.
13:52 of 3rd period - Shot by Victor Rask.
13:52 of 3rd period - Shot Misses the Net.
13:54 of 3rd period - Shot by Zach Bogosian.
13:54 of 3rd period - Shot Misses the Net.
13:56 of 3rd period - Shot by Moritz Seider.
13:56 of 3rd period - Shot Misses the Net.
13:58 of 3rd period - Shot by Zach Bogosian.
13:58 of 3rd period - Deflect By Alexis Lafreniere.
13:58 of 3rd period - Shot Hit the Post.
14:00 of 3rd period - Shot by Alexis Lafreniere.
14:00 of 3rd period - Stopped by Andrei Vasilevskiy without a rebound.
14:00 of 3rd period - Minor Penalty to Patrik Nemeth for Holding Stick.
14:01 of 3rd period - Joe Thornton wins face-off versus Josh Bailey in Lightnings zone.
14:16 of 3rd period - Shot by Quinn Hughes.
14:16 of 3rd period - Stopped by Andrei Vasilevskiy with a rebound.
14:18 of 3rd period - Shot by Josh Bailey.
14:18 of 3rd period - Shot Misses the Net.
14:20 of 3rd period - Shot by Nikita Gusev.
14:20 of 3rd period - Goal by Nikita Gusev - Lightnings : 6 - Hurricanes : 2.
14:21 of 3rd period - Leo Komarov wins face-off versus Evgeny Kuznetsov in neutral zone.
14:28 of 3rd period - Shot by Sonny Milano.
14:28 of 3rd period - Stopped by Andrei Vasilevskiy with a rebound.
14:30 of 3rd period - Shot by Zach Bogosian.
14:30 of 3rd period - Shot Misses the Net.
15:41 of 3rd period - Shot by Josh Bailey.
15:41 of 3rd period - Shot Misses the Net.
15:43 of 3rd period - Shot by Brian Boyle.
15:43 of 3rd period - Stopped by Andrei Vasilevskiy without a rebound.
15:44 of 3rd period - Victor Rask wins face-off versus Travis Zajac in Lightnings zone.
15:44 of 3rd period - Victor Rask is hit by MacKenzie Weegar.
16:03 of 3rd period - Darren Helm is hit by Timo Meier and loses puck.
16:35 of 3rd period - Icing by Markus Nutivaara.
16:36 of 3rd period - Joe Thornton wins face-off versus Victor Rask in Hurricanes zone.
17:38 of 3rd period - Icing by MacKenzie Weegar.
17:39 of 3rd period - Josh Bailey wins face-off versus Vincent Trocheck in Lightnings zone.
17:39 of 3rd period - Josh Bailey is hit by MacKenzie Weegar.
17:40 of 3rd period - Minor Penalty to MacKenzie Weegar for Holding.
17:41 of 3rd period - Josh Bailey wins face-off versus Ryan Hartman in Lightnings zone.
17:52 of 3rd period - Shot by Travis Zajac.
17:52 of 3rd period - Deflect By Ryan Hartman.
17:52 of 3rd period - Stopped by Alex Stalock without a rebound.
17:53 of 3rd period - Joe Thornton wins face-off versus Josh Bailey in Hurricanes zone.
17:59 of 3rd period - Nikita Gusev is hit by Matt Niskanen and loses puck.
18:05 of 3rd period - Nikita Gusev is hit by Matt Niskanen and loses puck.
18:14 of 3rd period - Shot by Quinn Hughes.
18:14 of 3rd period - Shot Blocked by Victor Hedman.
18:16 of 3rd period - Shot by Josh Bailey.
18:16 of 3rd period - Shot Misses the Net.
18:18 of 3rd period - Shot by Neal Pionk.
18:18 of 3rd period - Stopped by Andrei Vasilevskiy without a rebound.
18:19 of 3rd period - Travis Zajac wins face-off versus Josh Bailey in Lightnings zone.
19:08 of 3rd period - Shot by Markus Nutivaara.
19:08 of 3rd period - Shot Misses the Net.
19:51 of 3rd period - Shot by Andrew Cogliano.
19:51 of 3rd period - Shot Misses the Net.
Goals for this period are 2 for Lightnings vs 1 for Hurricanes.
Shots for this period are 9 for Lightnings vs 12 for Hurricanes.